 Dungeon Crawl Stone Soup version 0.30-a0-930-gb9d0489357 (webtiles) character file.

Game seed: 8013932782839916363

16198 Twinkles the Cleaver (level 12, -2/112 HPs)
             Began as a Hill Orc Reaver on Mar 23, 2023.
             Was an Elder of Beogh.
             Slain by a black mamba (9 damage)
             ... on level 2 of the Lair of Beasts.
             The game lasted 00:53:11 (15411 turns).

Twinkles the Cleaver (Hill Orc Reaver)             Turns: 15411, Time: 00:53:11

Health: -2/112     AC: 19    Str: 20    XL:     12   Next: 35%
Magic:  30/30      EV:  8    Int: 13    God:    Beogh [****..]
Gold:   84         SH:  0    Dex: 12    Spells: 13/14 levels left

rFire   + . .      SeeInvis .    a - +2 halberd (venom)
rCold   . . .      Faith    .    (shield currently unavailable)
rNeg    . . .      Spirit   .    R - +2 chain mail of the Forsaken Lovers {rPois Will+ Regen+ Int+3}
rPois   +          Reflect  .    E - +0 helmet
rElec   .          Rampage  .    C - +0 cloak
rCorr   .          Rage     50%  q - +1 pair of gloves {Dex+3}
Will    +++..                    (no boots) Stlth
                                 G - necklace of Bloodlust {Fury *Rage Will++ Int-3 Slay+6}
HPRegen 1.18/turn                I - ring of magical power
MPRegen 0.22/turn                O - ring of protection from fire

@: about to teleport, on berserk cooldown, slowed, very slow
A: no striking features
a: Renounce Religion, Smiting, Recall Orcish Followers


You were on level 2 of the Lair of Beasts.
You worshipped Beogh.
Beogh was greatly pleased with you.
You visited 2 branches of the dungeon, and saw 12 of its levels.

You collected 493 gold pieces.
You spent 409 gold pieces at shops.

Inventory:

Hand Weapons
 a - a +2 halberd of venom (weapon)
 b - a +0 sling
 r - a +0 antimagic hand axe
 w - the +6 long sword of Tartarus {heavy, rN+ Stlth+}
   (You found it on level 3 of the Dungeon)

   rN:        It protects you from negative energy.
   Stlth:     It makes you more stealthy.
 x - a +2 hand axe of freezing
 K - a +4 flail
 P - a +0 morningstar of flaming
 Q - a +0 heavy trident
 W - a +0 war axe
Missiles
 j - 16 javelins
 o - 20 poisoned darts (quivered)
 s - 11 boomerangs
 t - a throwing net
Armour
 n - a scarf of shadows
 q - a +1 pair of gloves of dexterity (worn)
 C - a +0 cloak (worn)
 E - a +0 helmet (worn)
 R - the +2 chain mail of the Forsaken Lovers (worn) {rPois Will+ Regen+ Int+3}
   (You found it on level 10 of the Dungeon)

   Int:       It affects your intelligence (+3).
   rPois:     It protects you from poison.
   Regen:     It increases your rate of health regeneration.
   Will:      It increases your willpower.
Jewellery
 c - the amulet of Xom's Brutal Revenge {Acrobat rPois rF- Int+3}
   (You took it off a centaur on level 7 of the Dungeon)

   [amulet of the acrobat]

   It increases your evasion while moving and waiting.
   Int:       It affects your intelligence (+3).
   rF:        It makes you vulnerable to fire.
   rPois:     It protects you from poison.
 m - the amulet "Mikor" {Faith rCorr Int+3 SInv Stlth+}
   (You took it off a wight on level 7 of the Dungeon)

   [amulet of faith]

   It allows you to gain divine favour quickly.
   Int:       It affects your intelligence (+3).
   SInv:      It lets you see invisible.
   rCorr:     It protects you from acid and corrosion.
   Stlth:     It makes you more stealthy.
 G - the necklace of Bloodlust (around neck) {Fury *Rage Will++ Int-3 Slay+6}
   (You found it on level 7 of the Dungeon)

   [amulet of nothing]

   Fury:      It extends the wearer's berserk rage when killing foes.
   Int:       It affects your intelligence (-3).
   Slay:      It affects your accuracy & damage with ranged weapons and melee
   (+6).
   *Rage:     It berserks you when you make melee attacks (+50% chance).
   Will:      It greatly increases your willpower.
 I - a ring of magical power (left hand)
 J - an amulet of the acrobat
 O - a ring of protection from fire (right hand)
 T - a ring of protection from fire
Wands
 i - a wand of iceblast (8)
 k - a wand of quicksilver (15)
 p - a wand of paralysis (21)
 y - a wand of mindburst (5)
Scrolls
 d - 2 scrolls of amnesia
 e - a scroll of immolation {unknown}
 g - a scroll of torment {unknown}
 h - 2 scrolls of enchant armour
 l - a scroll of magic mapping {unknown}
 u - 2 scrolls of enchant weapon
 v - 3 scrolls of fear {unknown}
 z - 2 scrolls of silence {unknown}
 D - a scroll of blinking
 F - 2 scrolls of fog
 N - a scroll of poison
 S - a scroll of butterflies {unknown}
 V - 3 scrolls of vulnerability
 Y - 3 scrolls of teleportation
 Z - a scroll of identify
Potions
 f - 2 potions of degeneration
 A - 4 potions of attraction
 B - 2 potions of brilliance
 H - 2 potions of magic {unknown}
 L - 3 potions of flight
 M - 2 potions of might
 U - 4 potions of mutation


   Skills:
 + Level 11.9 Fighting
 + Level 14.6 Axes
 + Level 10.5 Armour
 - Level 2.0 Dodging
 - Level 1.5 Spellcasting
 - Level 3.0 Conjurations
 + Level 12.1 Invocations


You had 13 spell levels left.
You knew the following spells:

 Your Spells              Type           Power      Damage    Failure   Level
a - Kiss of Death         Conj/Necr      16%        2d6       71%         1

Your spell library contained the following spells:

 Spells                   Type           Power      Damage    Failure   Level
 Magic Dart               Conj           32%        1d4       50%         1
 Momentum Strike          Conj/Tloc      8%         3d8       83%         2
 Sting                    Tmut/Pois      4%         1d3       88%         1
 Call Imp                 Summ           1%         N/A       96%         2
 Sublimation of Blood     Necr           1%         N/A       96%         2
 Wereblood                Tmut           1%         N/A       96%         2
 Hailstorm                Conj/Ice       4%         3d4       97%         3
 Mephitic Cloud           Conj/Pois/Air  3%         N/A       98%         3
 Confusing Touch          Hex            1%         N/A       99%         3
 Frozen Ramparts          Ice            2%         1d1       99%         3
 Kindle Blastsparks       Fire/Tloc/Air  2%         2d10      99%         3
 Spider Form              Tmut/Pois      1%         N/A       99%         3
 Dispel Undead            Necr           1%         3d6       100%        4
 Fulminant Prism          Conj/Hex       2%         3d5       100%        4
 Ice Form                 Ice/Tmut       1%         N/A       100%        4
 Iskenderun's Mystic Bla  Conj/Tloc      4%         2d3       100%        4
 Olgreb's Toxic Radiance  Pois           1%         N/A       100%        4
 Summon Ice Beast         Ice/Summ       1%         N/A       100%        4
 Lee's Rapid Deconstruct  Erth           0%         3d4*      100%        5
 Simulacrum               Ice/Necr       0%         N/A       100%        6
 Ozocubu's Refrigeration  Ice            0%         4d7       100%        7
 Summon Hydra             Summ           0%         N/A       100%        7
 Ignition                 Fire           0%         3d3       100%        8


Dungeon Overview and Level Annotations

Branches:
Dungeon (10/15) Zot: 22840  Temple (0/1) D:7            Lair (2/5) D:9 Zot: 10843
 Shoals (0/4) Lair:2          Orc (0/2) D:9
  Snake: Lair:2-3    Spider: Lair:2-3

Altars:
Ashenzari
Elyvilon
Hepliaklqana
Qazlal
Sif Muna
Trog
Vehumet
Xom
Beogh

Shops:
D:7 ?   D:9 [

Annotations:
D:5 1 runed translucent door, Crazy Yiuf


Message History

The black mamba barely misses you. The yak barely misses you.
The black mamba bites you.
* * * LOW HITPOINT WARNING * * *
The cane toad stings you but does no damage.
The black mamba bites you.
* * * LOW HITPOINT WARNING * * *
The yak barely misses you.
Okay, then.
Unknown command.
Okay, then.
Unknown command.
Okay, then.
Unknown command.
Okay, then.
Unknown command.
Okay, then.
Blink to where?
Press: ? - help, Dir - move target
As you read the scroll of blinking, it crumbles to dust.
Beogh accepts your kill.
You feel a bit more experienced. The harpy claws you but does no damage.
The harpy closely misses you. The harpy attacks as you move away!
The harpy claws you but does no damage. The harpy completely misses you.
You kill the yak!
Beogh accepts your kill. The harpy claws you but does no damage.
The harpy claws you!
* * * LOW HITPOINT WARNING * * *
The black mamba bites you!
* * * LOW HITPOINT WARNING * * *
As you read the scroll of teleportation, it crumbles to dust.
You feel strangely unstable. The harpy closely misses you.
The harpy barely misses you. The black mamba bites you!
* * * LOW HITPOINT WARNING * * *
The black mamba bites you but does no damage. x3
The cane toad looks more healthy.
The black mamba bites you but does no damage.
The harpy closely misses you. The harpy claws you but does no damage.
The black mamba bites you!
You die...

## ##..P ###
#####P...
..####.##...### .
.....[.......##### ~.
#...........P...# ~~~
#..........SH..#
#~..#(...†Y..FHS@..#
.~....).".....[###..#
#~.#Y.§##...#.## .#
~~~.Y###.....## .#
.... #....### # P..
##..P# # ## ###..P.#
#.. ##...#### ##..
####### #....#
#...###.....###


You could see 2 black mambas, a yak, a cane toad and 2 harpies.

Vanquished Creatures
  3 two-headed ogres
  A skeletal warrior (D:7)
  Pikel (D:9)
  A manticore (D:7)
  2 cane toads (Lair:1)
  A black mamba (Lair:2)
  A gargoyle (D:7)
  A rime drake (Lair:1)
  A komodo dragon (Lair:1)
  4 trolls
  2 hornets
  5 blink frogs (Lair:1)
  A vampire (D:9)
  A wraith (D:7)
  5 humans (D:6)
  A ynoxinul (D:10)
  A wyvern (D:9)
  6 yaks
  2 steam dragons
  3 vampire mosquitoes (D:10)
  Menkaure (D:4)
  3 water moccasins (D:7)
  A swamp drake (shapeshifter) (D:8)
  3 orc warriors
  A black bear (D:7)
  2 ice beasts
  An ogre (D:5)
  7 centaurs
  4 wolves (Lair:1)
  A lemure (D:9)
  A phantom (D:7)
  A kobold brigand (D:7)
  6 bullfrogs
  3 scorpions
  Blork the orc (D:5)
  8 wights
  9 killer bees
  2 howler monkeys
  4 jellies
  4 hounds
  2 gnoll boudas
  4 orc priests
  5 iguanas
  Ijyb (D:4)
  A sleepcap (D:4)
  5 orc wizards
  10 gnolls
  6 adders
  3 shadow imps
  A white imp (D:6)
  2 ufetubi
  2 dart slugs (D:1)
  48 orcs
  11 endoplasms
  4 giant cockroaches
  2 goblins
  A hobgoblin (D:2)
  6 ball pythons
  4 bats
  5 frilled lizards
  10 kobolds
  5 rats
244 creatures vanquished.

Vanquished Creatures (collateral kills)
  A cane toad (Lair:1)
  2 komodo dragons (Lair:1)
  A polar bear (Lair:1)
  A blink frog (Lair:1)
  A basilisk (Lair:1)
  4 yaks
  A vampire mosquito (D:10)
  A water moccasin (Lair:1)
  A wolf (Lair:1)
  A centaur (Lair:1)
  2 bullfrogs (Lair:1)
16 creatures vanquished.

Vanquished Creatures (others)
  An orc knight (Lair:2)
  2 orc priests
  4 orcs
  A butterfly (D:6)
  27 fungi
  12 plants
47 creatures vanquished.

Grand Total: 307 creatures vanquished

Notes
Turn   | Place    | Note
-------+----------+-------------------------------------------
     0 | D:1      | Twinkles the Hill Orc Reaver began the quest for the Orb.
     0 | D:1      | Reached XP level 1. HP: 18/18 MP: 3/3
   180 | D:1      | Reached XP level 2. HP: 25/25 MP: 4/4
  1113 | D:2      | Reached XP level 3. HP: 28/30 MP: 5/5
  1368 | D:2      | Reached skill level 5 in Axes
  2258 | D:3      | Found a large runed translucent door.
  2276 | D:3      | Found a large runed translucent door.
  2276 | D:3      | Found a shimmering altar of Xom.
  2310 | D:3      | Reached XP level 4. HP: 13/38 MP: 6/6
  2310 | D:3      | HP: 17/57 [poisoned by a gnoll]
  2315 | D:3      | HP: 9/57 [poisoned by a gnoll]
  2786 | D:3      | Identified the +6 long sword of Tartarus {heavy, rN+
                  | Stlth+}
  2817 | D:3      | Reached skill level 1 in Armour
  2947 | D:3      | Reached XP level 5. HP: 37/45 MP: 7/7
  2952 | D:3      | Reached skill level 6 in Axes
  3347 | D:4      | Noticed Menkaure
  3498 | D:4      | Became a worshipper of Beogh the Brigand
  3544 | D:4      | Noticed Ijyb
  3554 | D:4      | Killed Ijyb
  3555 | D:4      | Reached XP level 6. HP: 37/52 MP: 8/8
  3559 | D:4      | Killed Menkaure
  3560 | D:4      | Reached skill level 7 in Axes
  3560 | D:4      | Reached skill level 1 in Invocations
  3907 | D:3      | HP: 12/53 [gnoll/+0 flail[a gnoll bouda] (5)]
  3910 | D:3      | Reached XP level 7. HP: 15/60 MP: 9/9
  4223 | D:5      | Entered Level 5 of the Dungeon
  4326 | D:5      | Reached skill level 5 in Fighting
  4326 | D:5      | Reached skill level 8 in Axes
  4474 | D:5      | Found a stormy altar of Qazlal.
  4522 | D:5      | Found a radiant altar of Vehumet.
  4629 | D:5      | Found a runed translucent door.
  4630 | D:5      | Noticed Crazy Yiuf
  4669 | D:5      | Reached * piety under Beogh
  4733 | D:5      | Noticed Blork the orc
  4741 | D:5      | Killed Blork the orc
  4742 | D:5      | Reached XP level 8. HP: 33/68 MP: 10/10
  5199 | D:6      | Upgraded the game from 0.30-a0-924-g0ad0bf95bc to
                  | 0.30-a0-930-gb9d0489357
  5381 | D:6      | Reached skill level 9 in Axes
  5600 | D:6      | Identified the +8 short sword of Anxiety {heavy, rN+}
  5600 | D:6      | Identified the +7 plate armour of the Zealous Slorg {Int+2}
  5624 | D:6      | HP: 17/70 [human/the +8 short sword of Anxiety {heavy, rN+}
                  | (12)]
  5664 | D:6      | HP: 19/70 [acid (3)]
  6178 | D:6      | HP: 21/70 [centaur (4)]
  6566 | D:6      | HP: 17/70 [human/+0 flail (8)]
  6567 | D:6      | HP: 8/70 [human/+0 flail (10)]
  6571 | D:6      | Reached skill level 10 in Axes
  6571 | D:6      | Reached skill level 5 in Invocations
  6784 | D:6      | Found a white marble altar of Elyvilon.
  6817 | D:6      | Reached skill level 5 in Armour
  6817 | D:6      | Reached XP level 9. HP: 59/78 MP: 11/13
  7112 | D:7      | Identified the +3 mace of the Boiling Point {antimagic,
                  | Drain Will- Str+4 Dex+9}
  7198 | D:7      | HP: 23/78 [killer bee (6)]
  7203 | D:7      | HP: 22/78 [poisoned by a killer bee]
  7208 | D:7      | HP: 16/78 [poisoned by a killer bee]
  7209 | D:7      | HP: 4/78 [killer bee (6)]
  7214 | D:7      | HP: 9/78 [poisoned by a killer bee]
  7219 | D:7      | HP: 23/78 [orc/+0 dagger (3)]
  7404 | D:7      | Found the necklace of Bloodlust {Fury *Rage Will++ Int-3
                  | Slay+6}
  7405 | D:7      | Noticed a manticore
  7407 | D:7      | Noticed a troll
  7408 | D:7      | Noticed a troll
  7430 | D:7      | HP: 34/117 [manticore (4)]
  7433 | D:7      | Killed a manticore
  7588 | D:7      | Identified the amulet "Mikor" {Faith rCorr Int+3 SInv
                  | Stlth+}
  7611 | D:7      | HP: 19/79 [wight/+0 morningstar (13)]
  7876 | D:7      | Noticed a hornet
  7886 | D:7      | Killed a troll
  7887 | D:7      | Reached skill level 11 in Axes
  7888 | D:7      | Noticed a skeletal warrior
  7982 | D:7      | HP: 25/120 [skeletal warrior/+0 mace (13)]
  7984 | D:7      | Killed a skeletal warrior
  7985 | D:7      | Reached XP level 10. HP: 29/88 MP: 15/15
  8213 | D:7      | Found a faded altar of an unknown god.
  8214 | D:7      | Noticed a gargoyle
  8218 | D:7      | Killed a gargoyle
  8290 | D:7      | Found a hazy altar of Hepliaklqana.
  8541 | D:7      | Identified the amulet of Xom's Brutal Revenge {Acrobat
                  | rPois rF- Int+3}
  8550 | D:7      | Reached skill level 12 in Axes
  8650 | D:7      | Found Vudeotto's Magic Scroll Emporium.
  8663 | D:7      | Bought a scroll of teleportation for 36 gold pieces
  8663 | D:7      | Bought a scroll of blinking for 90 gold pieces
  8671 | D:7      | Bought a scroll of identify for 24 gold pieces
  8671 | D:7      | Bought a scroll of identify for 24 gold pieces
  8671 | D:7      | Bought a scroll of fog for 48 gold pieces
  9038 | D:7      | You fall into a shaft and drop 3 floors!
  9038 | D:10     | Entered Level 10 of the Dungeon
  9191 | D:9      | Reached ** piety under Beogh
  9258 | D:9      | Found a roughly hewn altar of Beogh.
  9281 | D:9      | Found Xoypuhod's Antique Armour Boutique.
  9604 | D:9      | Noticed Pikel
  9768 | D:9      | Killed Pikel
  9780 | D:9      | HP: 26/91 [something (22)]
  9781 | D:9      | HP: 11/91 [something (8)]
  9781 | D:9      | HP: 3/91 [something (4)]
 10388 | D:9      | Found a staircase to the Orcish Mines.
 10410 | D:9      | Reached XP level 11. HP: 70/99 MP: 18/18
 10976 | D:8      | Reached skill level 10 in Fighting
 11200 | D:7      | Found a staircase to the Ecumenical Temple.
 11682 | D:8      | Noticed a two-headed ogre
 11870 | D:8      | Reached skill level 13 in Axes
 11932 | D:8      | Reached skill level 10 in Invocations
 11974 | D:8      | Reached *** piety under Beogh
 12242 | D:8      | Killed a two-headed ogre
 12909 | D:9      | Found a staircase to the Lair.
 13178 | D:10     | Noticed a two-headed ogre
 13186 | D:10     | Killed a two-headed ogre
 13341 | D:10     | Found a bloodstained altar of Trog.
 13371 | D:10     | Found a shimmering blue altar of Sif Muna.
 13388 | D:10     | Got Sif Muna's Opusculum on Toxicity
 13458 | D:10     | Noticed a two-headed ogre
 13461 | D:10     | Killed a two-headed ogre
 13735 | D:10     | Identified the +2 chain mail of the Forsaken Lovers {rPois
                  | Will+ Regen+ Int+3}
 14327 | D:9      | Bought a pair of glowing gloves for 187 gold pieces
 14397 | Lair:1   | Entered Level 1 of the Lair of Beasts
 14487 | Lair:1   | Reached skill level 14 in Axes
 14533 | Lair:1   | Reached skill level 10 in Armour
 14563 | Lair:1   | Found a broken altar of Ashenzari.
 14569 | Lair:1   | Reached XP level 12. HP: 74/110 MP: 20/20
 14586 | Lair:1   | HP: 30/110 [basilisk (4)]
 14587 | Lair:1   | HP: 9/110 [centaur/arrow (11)]
 14609 | Lair:1   | HP: 23/110 [rime drake/icy flash freeze (16)]
 14613 | Lair:1   | Gained Margrim as an ally
 14620 | Lair:1   | HP: 26/110 [blink frog (6)]
 14634 | Lair:1   | Reached **** piety under Beogh
 15396 | Lair:2   | Found a staircase to the Shoals.
 15404 | Lair:2   | Your ally Margrim died
 15406 | Lair:2   | HP: 28/112 [cane toad (14)]
 15409 | Lair:2   | HP: 11/112 [black mamba (9)]
 15410 | Lair:2   | HP: 5/112 [black mamba (8)]
 15411 | Lair:2   | Slain by a black mamba

Illustrated notes

Levels and vault maps discovered:
D:1:      minmay_arrival_split_and_join, layout_basic, kennysheep_another_room
D:2:      minmay_wonky_spiral, layout_loops_corners, kennysheep_generic_room_16
D:3:      due_chaos_kobolds, layout_loops_ring, cheibrodos_gnoll_hut
D:4:      layout_rooms, uniq_menkaure, uniq_ijyb
D:5:      layout_basic, grunt_qazlal_clouds, fiery_altar_vehumet,
          uniq_blork_the_orc, uniq_crazy_yiuf_cottage
D:6:      layout_basic, nicolae_elyvilon_peaceful_grove, hangedman_decor_lopped,
          dreamdust_mushroom_princess, corexii_item_surrounded_by_moat,
          minmay_ruffians
D:7:      minmay_the_grid_four_pointed_star
          [minmay_the_grid_triangle_9x9_wacky_v,
          minmay_the_grid_triangle_9x9_corrupted_corridor,
          minmay_the_grid_triangle_9x9_windchime,
          minmay_the_grid_triangle_9x9_cache, minmay_the_grid_prize_trominoes],
          layout_cave_pools, beargit_hepliaklqana_dungeon_heroes,
          minmay_temple_entry_poolview, serial_shops, nicolae_square_shop,
          minmay_misc_feat_tiny, minmay_statues_item
D:8:      layout_layer_cave, kennysheep_island_fort
D:9:      layout_small_grid, grunt_lair_entry_orc_guard_hut, orc_0_dummy,
          special_room [special_room_orc], serial_shops, shop_fountains,
          uniq_pikel
D:10:     layout_basic, nzn_overflow_gifts_of_might_and_magic
Lair:1:   layout_concentric_octagons, chequers_serial_rivers_micro_d,
          lemuel_centaur_altar
Lair:2:   nzn_winding_woodlands_three_and_one
          [nzn_winding_woodlands_5x15_crooked,
          nzn_winding_woodlands_5x15_zeroes, nzn_winding_woodlands_5x15_garden,
          nzn_winding_woodlands_center_pierced_h], layout_layer_cave,
          nicolae_shoals_entry_roost, gammafunk_ghost_ooze

Skill      XL: |  1  2  3  4  5  6  7  8  9 10 11 12 |
---------------+-------------------------------------+-----
Fighting       | 3 4 5 6 8 9 11 | 11.9
Dodging        | 2 |  2.0
Axes           | 5 6 7 8 10 11 12 14 | 14.6
Armour         | 1 2 3 5 6 8 10 | 10.5
Invocations    | 2 3 5 7 9 11 12 | 12.1
Spellcasting   | |  1.5
Conjurations   | |  3.0

Action                     |  1- 3 |  4- 6 |  7- 9 | 10-12 || total
---------------------------+-------+-------+-------+-------++-------
  Melee: Hand axe          |   160 |     3 |    34 |       ||   197
         Punch             |     2 |       |       |       ||     2
         Halberd           |       |    88 |   211 |   367 ||   666
         Long sword        |       |     3 |    11 |       ||    14
         Unarmed           |       |       |    13 |       ||    13
  Throw: Dart              |       |       |     6 |     9 ||    15
 Invoke: Convert to Beogh  |       |     1 |       |       ||     1
         Recall Orcish Fol |       |       |       |     1 ||     1
    Use: Potion            |       |     1 |     4 |     1 ||     6
         Scroll            |       |       |    10 |     9 ||    19
   Stab: Sleeping          |     1 |       |       |       ||     1
         Distracted        |       |       |       |     1 ||     1
 Armour: Leather armour    |    27 |       |       |       ||    27
         Scale mail        |    38 |    30 |    89 |     3 ||   160
         Skin              |       |       |    19 |       ||    19
         Chain mail        |       |       |       |   246 ||   246
  Dodge: Dodged            |    79 |    52 |   152 |   152 ||   435

Table legend: (Time is in decaauts)
 A = Elapsed time spent in this place.
 B = Non-inter-level travel time spent in this place.
 C = Inter-level travel time spent in this place.
 D = Time resting spent in this place.
 E = Time spent auto-exploring this place.
 F = Levels seen in this place.
 G = Mean time per level.
                   A        B        C        D        E       F      G
               +--------+--------+--------+--------+--------+-----+--------+
         Total |  16098 |  14885 |   1213 |   3582 |   8252 |  12 | 1341.5 |
       Dungeon |  14943 |  13766 |   1177 |   3338 |   7782 |  10 | 1494.3 |
          Lair |   1154 |   1119 |     35 |    244 |    470 |   2 |  577.0 |
               +--------+--------+--------+--------+--------+-----+--------+

Top non-repeatable levels by time:
     D:6: 2209 daAuts
     D:7: 2102 daAuts
     D:8: 1930 daAuts
    D:10: 1761 daAuts
     D:9: 1602 daAuts
     D:2: 1228 daAuts
     D:3: 1175 daAuts
     D:1: 1097 daAuts
     D:5: 1069 daAuts
  Lair:1: 1047 daAuts
     D:4: 766 daAuts
  Lair:2: 107 daAuts
